 Dungeon Crawl Stone Soup version 0.23.2-40-g277498a001 (webtiles) character file.

Game seed: 12980257558383747030

777 Martska the Ducker (level 7, 0/54 HPs)
             Began as a Merfolk Ice Elementalist on Sept 30, 2019.
             Killed by divine providence
             ... invoked by an orc priest
              (13 damage)
             ... on level 6 of the Dungeon.
             The game lasted 00:31:50 (8695 turns).

Martska the Ducker (Merfolk Ice Elementalist)       Turns: 8695, Time: 00:31:50

Health: 0/54       AC:  6    Str:  8    XL:     7   Next: 84%
Magic:  6/11       EV: 30    Int: 15    God:
Gold:   267        SH:  0    Dex: 16    Spells: 6/12 levels left

rFire    . . .     SeeInvis .   n - +2 spear (venom)
rCold    . . .     Gourm    .   (no shield)
rNeg     . . .     Faith    .   t - +0 leather armour
rPois    .         Spirit   .   (no helmet)
rElec    .         Reflect  .   (no cloak)
rCorr    .         Harm     .   v - +0 pair of gloves
MR       .....                  y - +1 pair of boots
Stlth    ++........             K - amulet of the acrobat
HPRegen  0.18/turn              (no ring)
MPRegen  0.12/turn              (no ring)

@: acrobat, very slightly contaminated
A: change form in water, swift swim, stealthy swim
a: no special abilities


You were on level 6 of the Dungeon.
You were hungry.

You visited 1 branch of the dungeon, and saw 6 of its levels.

You collected 267 gold pieces.

Inventory:

Hand Weapons
 e - a +0 dagger
 n - a +2 spear of venom (weapon)
 p - a +2 longbow of velocity
 s - a +0 club
 x - a +0 spear
 G - a +0 rapier
 H - a +0 giant club
 L - a -3 trident
Armour
 a - a +0 robe
 i - a +0 ring mail
 l - a +0 leather armour
 m - a +0 leather armour
 t - a +0 leather armour (worn)
 v - a +0 pair of gloves (worn)
 y - a +1 pair of boots (worn)
 C - a +0 ring mail
Jewellery
 K - an amulet of the acrobat (around neck)
Wands
 k - a wand of flame (21)
 r - a wand of paralysis (8)
Scrolls
 b - a scroll of fog {unknown}
 c - a scroll of blinking {unknown}
 f - 4 scrolls of immolation
 g - 5 scrolls of amnesia
 h - 7 scrolls of identify
 o - a scroll of magic mapping {unknown}
 A - a scroll of teleportation
 F - a scroll of fear {unknown}
 I - a scroll of enchant armour {unknown}
Potions
 d - a potion of degeneration {unknown}
 q - a potion of mutation {unknown}
 u - 5 potions of curing {unknown}
 w - a potion of ambrosia {unknown}
 z - 3 potions of flight {unknown}
 B - a potion of might {unknown}
 D - a potion of berserk rage {unknown}
 E - a potion of agility {unknown}
 J - a potion of lignification {unknown}


   Skills:
 * Level 4.1 Fighting
 * Level 4.6 Polearms
 * Level 5.8 Dodging
 - Level 3.3 Stealth
 + Level 3.1 Spellcasting
 - Level 0.7 Conjurations
 + Level 2.5 Charms
 + Level 4.4 Ice Magic


You had 6 spell levels left.
You knew the following spells:

 Your Spells              Type           Power        Failure   Level  Hunger
a - Freeze                Ice            ###.         4%          1    #......
b - Throw Frost           Conj/Ice       ##....       16%         2    ##.....
c - Ozocubu's Armour      Chrm/Ice       ##......     21%         3    ###....

Your spell library contained the following spells:

 Spells                   Type           Power        Failure   Level  Hunger
 Magic Dart               Conj           #...         22%         1    #......
 Searing Ray              Conj           #.....       32%         2    ##.....
 Dazzling Spray           Conj/Hex       #.....       58%         3    ###....
 Throw Icicle             Conj/Ice       ##......     69%         4    #####..
 Summon Ice Beast         Ice/Summ       #.......     75%         4    #####..
 Iskenderun's Mystic Bla  Conj           #.......     91%         4    #####..
 Force Lance              Conj/Tloc      #.......     94%         4    #####..
 Fulminant Prism          Conj/Hex       #.........   94%         4    #####..


Dungeon Overview and Level Annotations

Branches:
Dungeon (6/15)             Temple (0/1) D:4

Altars:

Shops:
D:5 (

Annotations:
D:2 Pance99's ghost, amateur OgAM


Message History

The orc priest calls down the wrath of Beogh upon you.
Beogh smites you!
Casting: Throw Frost (safe; 16% risk of failure)
Confirm with . or Enter, or press ? or * to list all spells.
Aiming: Throw Frost (safe; 16% risk of failure)
Press: ? - help, Shift-Dir - straight line, f/p - orc priest
Aim: an orc priest, wielding a +0 short sword (heavily wounded)
You miscast Throw Frost.
You are very lightly contaminated with residual magic.
Wisps of condensation drift from your hands.
The orc priest calls down the wrath of Beogh upon you.
Beogh smites you!
The orc priest invokes the aid of Beogh against you.
Beogh smites you!
* * * LOW HITPOINT WARNING * * *
The orc priest calls upon Beogh to heal the orc.
The orc's wounds heal themselves!
The orc priest calls down the wrath of Beogh upon you.
Beogh smites you!
You die...

##'## ##.## #.# ..o
#.# #.# ##.## #o#
##...## #.#
#.....## #o#
##.....## #.#
...####.....#####.#
................@.#
#########.#########
###


You could see 2 orc priests and an orc.

Vanquished Creatures
  An ogre (D:4)
  A sky beast (D:3)
  A phantom (D:4)
  A scorpion (D:5)
  A crimson imp (D:5)
  A bullfrog zombie (D:5)
  A hound (D:5)
  A jelly (D:4)
  An orc wizard (D:3)
  3 iguanas
  2 worker ants (D:5)
  8 adders
  A shadow imp (D:5)
  An ooze (D:4)
  2 worms (D:3)
  2 dart slugs
  6 leopard geckos
  9 orcs
  4 bats
  3 giant cockroaches
  8 goblins
  7 hobgoblins
  3 jackals (D:3)
  5 kobolds
  6 quokkas
  A ball python (D:5)
  A ball python skeleton (D:4)
  6 frilled lizards
  11 rats
98 creatures vanquished.

Notes
Turn   | Place    | Note
-------+----------+-------------------------------------------
     0 | D:1      | Martska the Merfolk Ice Elementalist began the quest for
                  | the Orb.
     0 | D:1      | Reached XP level 1. HP: 13/13 MP: 3/3
   204 | D:1      | Reached skill level 3 in Dodging
   317 | D:1      | Reached XP level 2. HP: 19/20 MP: 5/5
   644 | D:1      | Reached skill level 1 in Fighting
  1107 | D:2      | Reached XP level 3. HP: 26/26 MP: 2/6
  1129 | D:2      | Learned a level 2 spell: Throw Frost
  1133 | D:2      | Learned a level 3 spell: Ozocubu's Armour
  1594 | D:2      | Reached XP level 4. HP: 33/33 MP: 4/7
  2310 | D:3      | Reached skill level 1 in Polearms
  2310 | D:3      | Reached skill level 4 in Dodging
  2310 | D:3      | Reached skill level 1 in Charms
  2704 | D:3      | Reached XP level 5. HP: 34/38 MP: 3/8
  2753 | D:3      | Found a runed translucent door.
  2756 | D:3      | Noticed Pance99's ghost (amateur OgAM)
  4080 | D:3      | Found a runed translucent door.
  4167 | D:3      | Noticed a sky beast
  4188 | D:3      | Killed a sky beast
  4188 | D:3      | Reached XP level 6. HP: 37/46 MP: 1/9
  4546 | D:4      | Found a staircase to the Ecumenical Temple.
  5396 | D:4      | Reached skill level 5 in Dodging
  5775 | D:5      | Entered Level 5 of the Dungeon
  5878 | D:5      | Noticed a phantom
  6011 | D:4      | Reached XP level 7. HP: 12/52 MP: 11/11
  7809 | D:5      | Found Qing's Weapon Shoppe.
  8688 | D:6      | Noticed a hippogriff
  8695 | D:6      | Killed from afar by an orc priest

Skill      XL: |  1  2  3  4  5  6  7 |
---------------+----------------------+-----
Dodging        | 3 4 5 |  5.8
Fighting       | 1 2 3 4 |  4.1
Polearms       | 1 2 3 4 |  4.6
Charms         | 1 2 |  2.5
Stealth        | 3 |  3.3
Ice Magic      | 4 |  4.4
Spellcasting   | 3 |  3.1
Conjurations   | |  0.7

Action                   |  1- 3 |  4- 6 |  7- 9 || total
-------------------------+-------+-------+-------++-------
Melee: Dagger            |    37 |     1 |       ||    38
       Spear             |       |   140 |   167 ||   307
 Cast: Freeze            |    29 |    24 |     4 ||    57
       Throw Frost       |     5 |    39 |    19 ||    63
       Ozocubu's Armour  |       |     2 |     1 ||     3
  Use: Scroll            |       |       |     4 ||     4
 Stab: Sleeping          |     3 |     2 |       ||     5
       Distracted        |       |     1 |       ||     1
  Eat: Ration            |     1 |     5 |     2 ||     8
       Chunk             |       |     1 |     2 ||     3
Armor: Robe              |     5 |       |       ||     5
       Leather armour    |     2 |    31 |    28 ||    61
Dodge: Dodged            |    34 |    94 |    81 ||   209
